Map: Dusk Towers

Players

uThermal - Winner!

  • Race: Terran Terran
  • League: Grandmaster

LiquidBunny (Bunny)

  • Race: Terran Terran
  • League: Grandmaster

Event: NationWars III

VOD

https://www.youtube.com/watch?v=VMtCTYNXups

Description

Time

  • Played on: Dec. 10, 2015, 2:26 p.m.
  • Length: 10:29

All games in this series

Show
View Real Time Build Order
Export as new Build Order

uThermal Terran - Winner!

Build Orders: Reaper Expand, Bio Tank, MMM Bio 

Get SALT Encoding   

  12  0:01  SCV  
  13  0:13  SCV  
  14  0:17  Supply Depot  
  14  0:25  SCV  
  15  0:39  SCV  
  15  0:41  Barracks  
  16  0:44  Refinery  
  16  0:51  SCV  
  17  1:03  SCV  
  18  1:15  SCV  
  19  1:27  Orbital Command  
  19  1:28  Reaper  
  20  1:39  Command Center  
  20  1:47  Supply Depot  
  20  1:53  SCV  
  21  2:00  Marine  
  22  2:05  Factory  
  22  2:06  SCV  
  23  2:13  Refinery  
  23  2:18  Marine  
  23  2:19  SCV  
  25  2:31  SCV  
  25  2:36  Marine  
  27  2:43  SCV  
  28  2:48  Widow Mine  
  28  2:50  Starport  
  30  2:52  Orbital Command  
  30  2:55  Marine  
  30  2:56  SCV  
  32  3:08  SCV  
  33  3:12  Marine  
  33  3:18  SCV  
  35  3:20  SCV  
  35  3:24  Factory Tech Lab  
  35  3:30  SCV, Marine  
  35  3:32  SCV  
  35  3:34  Medivac  
  39  3:41  Supply Depot  
  39  3:43  SCV  
  39  3:44  SCV  
  39  3:46  Widow Mine  
  43  3:50  Barracks  
  43  3:51  Barracks  
  43  3:52  Barracks Reactor  
  43  3:55  SCV  
  44  3:56  SCV  
  44  4:02  Engineering Bay  
  45  4:07  SCV  
  45  4:08  SCV  
  47  4:10  Medivac  
  47  4:14  Widow Mine  
  47  4:16  Supply Depot  
  51  4:19  SCV  
  51  4:20  SCV  
  53  4:25  Refinery  
  53  4:28  Marine  
  53  4:30  Terran Infantry Weapons Level 1  
  54  4:33  Supply Depot  
  54  4:38  SCV x2, Barracks Tech Lab x2, Marine  
  57  4:50  SCV x2  
  54  5:00  Siege Tank  
  54  5:01  Marine x2  
  54  5:03  Marine  
  54  5:04  SCV, Stimpack  
  59  5:08  Marine  
  59  5:10  SCV  
  59  5:11  Barracks  
  61  5:16  SCV  
  61  5:19  Marine  
  61  5:21  Marine  
  64  5:24  Starport Reactor  
  64  5:26  SCV, Barracks  
  64  5:27  Marine  
  64  5:28  Marine  
  63  5:37  Siege Tank  
  63  5:42  Marine  
  65  5:54  Marine  
  66  6:02  SCV  
  66  6:03  Combat Shields  
  67  6:05  SCV  
  67  6:06  Refinery, Marine  
  67  6:07  Supply Depot, Barracks Reactor  
  69  6:15  SCV, Barracks Reactor  
  70  6:22  Supply Depot  
  70  6:28  Medivac x2  
  70  6:29  SCV x2  
  70  6:30  Supply Depot  
  70  6:32  Supply Depot, Marine  
  77  6:41  SCV  
  77  6:42  Supply Depot  
  77  6:43  Supply Depot, Marine  
  77  6:44  SCV  
  77  6:47  Siege Tank  
  83  6:50  Terran Infantry Armor Level 1  
  83  6:51  Marine  
  83  6:52  Marine  
  85  6:55  Marine x2  
  85  6:59  Medivac  
  89  7:08  Marine x3  
  92  7:18  Marine  
  92  7:19  Siege Tank  
  96  7:22  Marine  
  96  7:23  Marine  
  96  7:24  Marine  
  96  7:27  Marine x2  
  96  7:28  Command Center  
  101  7:35  Marine x2  
  103  7:41  Medivac  
  103  7:42  Medivac  
  106  7:45  SCV x2  
  106  7:46  Marine x2  
  106  7:47  Supply Depot  
  106  7:51  Siege Tank  
  113  7:53  Marine x2  
  115  8:02  Supply Depot  
  115  8:05  Marine  
  116  8:06  Marine  
  116  8:11  Medivac x2  
  122  8:16  Marine x2  
  122  8:19  Supply Depot  
  123  8:23  Armory  
  123  8:27  Marine x2  
  123  8:30  Siege Tank, Marine  
  129  8:34  Marine  
  129  8:35  Marine x2  
  128  8:41  Medivac  
  128  8:43  Orbital Command  
  128  8:46  Medivac  
  131  9:03  Marauder, Marine  
  131  9:08  Marine x2  
  136  9:11  Medivac, Marine x2  
  136  9:13  Marine  
  136  9:16  Medivac  
  142  9:19  Marauder  
  142  9:21  Marine  
  145  9:24  Marine  
  145  9:25  Supply Depot  
  145  9:26  Marine x2  
  145  9:29  Marine  
  149  9:31  Marine  
  149  9:38  Marine  
  150  9:40  Marauder  
  153  9:49  Marine  
  154  9:54  Marine x2  
  154  9:57  Marine, Medivac  
  158  10:05  Marine  
  158  10:06  Marine x2  
  141  10:08  Marine  
  141  10:10  Marine  
Show
View Real Time Build Order
Export as new Build Order

LiquidBunny Terran 

Build Orders: Bio Tank 

Get SALT Encoding   

  12  0:00  SCV  
  13  0:13  SCV  
  14  0:17  Supply Depot  
  14  0:25  SCV  
  15  0:38  SCV  
  15  0:40  Barracks  
  16  0:43  Refinery  
  16  0:50  SCV  
  17  1:02  SCV  
  18  1:14  SCV  
  19  1:26  Barracks Reactor  
  19  1:27  Orbital Command  
  19  1:41  Command Center  
  19  1:47  Refinery  
  19  1:52  SCV  
  20  1:55  Supply Depot  
  20  2:02  Reaper  
  20  2:03  Reaper  
  20  2:05  SCV  
  23  2:17  SCV  
  24  2:26  Factory  
  24  2:29  SCV  
  25  2:34  Marine  
  25  2:35  Marine  
  27  2:41  SCV  
  28  2:52  Orbital Command  
  28  2:53  SCV, Marine x2  
  31  3:05  SCV  
  31  3:11  Starport, Marine x2  
  33  3:17  SCV  
  33  3:19  SCV  
  35  3:23  Factory Tech Lab  
  35  3:29  SCV  
  35  3:31  SCV  
  36  3:38  Marine x2  
  38  3:41  SCV, Cyclone  
  38  3:43  SCV  
  43  3:49  Supply Depot  
  43  3:51  Medivac  
  43  3:53  SCV  
  46  3:58  Supply Depot  
  46  4:02  Marine x2  
  46  4:03  SCV  
  46  4:05  SCV  
  50  4:13  Siege Tank  
  50  4:15  SCV  
  54  4:18  SCV  
  54  4:20  Marine x2  
  57  4:24  Viking  
  57  4:30  SCV  
  60  4:33  Supply Depot  
  60  4:34  Command Center  
  60  4:35  SCV  
  60  4:38  Marine  
  61  4:42  SCV  
  63  4:47  SCV  
  62  4:54  SCV  
  62  4:56  Marine  
  62  4:59  SCV  
  64  5:05  Siege Tank  
  64  5:06  SCV  
  68  5:12  SCV  
  69  5:17  Starport Reactor  
  69  5:19  SCV, Barracks  
  70  5:21  Barracks  
  70  5:22  Refinery  
  70  5:24  SCV, Refinery  
  71  5:28  Marine x2  
  71  5:31  SCV  
  74  5:36  SCV  
  75  5:43  SCV  
  75  5:44  Engineering Bay  
  75  5:45  Engineering Bay  
  75  5:46  Marine x2  
  75  5:48  SCV, Orbital Command  
  78  5:52  Siege Tank  
  78  5:55  SCV  
  81  6:00  SCV  
  81  6:04  Marine x2  
  82  6:05  Orbital Command  
  82  6:07  SCV, Barracks Tech Lab  
  82  6:08  Barracks Tech Lab  
  85  6:12  Terran Infantry Weapons Level 1, Barracks  
  85  6:14  Barracks  
  85  6:16  Terran Infantry Armor Level 1  
  85  6:22  Marine x2  
  85  6:25  Siege Tank  
  90  6:27  Stimpack  
  90  6:33  Marine x2  
  90  6:35  Supply Depot  
  90  6:36  Combat Shields  
  90  6:39  Marine  
  92  6:40  Marine  
  92  6:44  Supply Depot, Medivac x2  
  92  6:45  Supply Depot  
  98  6:48  Supply Depot  
  98  6:51  Marine x2  
  98  6:53  SCV  
  101  6:57  Marine x2  
  101  6:58  SCV, Sensor Tower  
  101  7:00  Barracks Reactor x2  
  104  7:03  Supply Depot  
  104  7:05  SCV  
  104  7:08  SCV  
  106  7:09  Marine x2  
  106  7:13  Siege Tank  
  106  7:15  Marine x2  
  111  7:16  Orbital Command  
  113  7:25  Armory  
  113  7:26  Marine x2  
  115  7:30  Medivac  
  115  7:33  Marine x2  
  115  7:35  Supply Depot  
  115  7:36  SCV, Marine  
  121  7:39  Marine  
  122  7:44  SCV x2  
  122  7:46  Siege Tank  
  122  7:48  SCV  
  127  7:56  SCV  
  127  7:57  Medivac, Marine x2  
  132  8:00  Medivac  
  132  8:01  Supply Depot  
  132  8:02  SCV x2  
  136  8:08  SCV  
  136  8:10  Marine x2  
  139  8:14  SCV  
  139  8:17  Refinery  
  139  8:19  Supply Depot, Refinery  
  140  8:22  SCV  
  140  8:24  Supply Depot  
  140  8:25  Supply Depot  
  141  8:27  Marine x3  
  141  8:28  Marine  
  141  8:32  Siege Tank  
  148  8:36  Marine  
  148  8:37  Marine x3  
  151  8:51  Marine  
  151  8:52  SCV  
  153  8:56  Marine x2  
  153  8:57  SCV  
  153  8:59  Marine x2  
  152  9:04  Marine x3  
  152  9:05  SCV  
  152  9:07  Siege Tank  
  159  9:10  Factory  
  159  9:11  Marine  
  159  9:14  SCV, Marine  
  159  9:16  Marine  
  159  9:17  Marine, Medivac x2  
  165  9:24  Factory  
  168  9:25  Marine x4  
  168  9:26  Supply Depot  
  172  9:36  Marine  
  173  9:40  Marine x2  
  173  9:41  SCV  
  173  9:44  Marine x2  
  174  9:49  Marine x2  
  174  9:52  Siege Tank, Marine  
  172  9:54  Marine  
  172  9:58  Marine x2  
  172  10:02  Marine x2  
  172  10:03  SCV  
  172  10:04  SCV  
  128  10:07  Marine x2  
  128  10:10  SCV, Marine  
  128  10:12  Factory Tech Lab  
  128  10:13  Factory Tech Lab  
Tags
 
Add a new tag
Caveats
  • Supply blocks, unpowered buildings, or Contaminate may cause inaccurate times.
  • Supply counts are checked every 10 seconds.